| TOP OF THE 1ST |
|
Rochester Red Wings batting - Pitching for Fresno Grizzlies : RHP Mike Chisolm
|
|
Pitching: RHP Mike Chisolm
|
|
|
Batting: RHB Yonetoshi Muranaka
|
0-0: Called Strike 0-1: Ball 1-1: Ball 2-1: Foul Ball, location: 2F 2-2: Strikes out swinging
|
|
Batting: RHB Tony Rivera
|
0-0: SINGLE (Groundball, 56S, EV 63.1 MPH) (infield hit)
|
|
Batting: SHB Gerardo Flores
|
0-0: Ball Tony Rivera steals 2nd base (no throw) 1-0: Swinging Strike 1-1: Foul Ball, location: 2F 1-2: SINGLE (Groundball, 34D, EV 98.1 MPH) Tony Rivera to third
|
|
Batting: RHB Jimmy Buzard
|
0-0: Called Strike 0-1: Foul Ball, location: 2F 0-2: Ball Wild Pitch! Tony Rivera scores Gerardo Flores to second 1-2: Strikes out swinging
|
|
Batting: LHB Yat-sen Zhu
|
0-0: Foul Ball, location: 2F 0-1: Swinging Strike 0-2: Foul Ball, location: 2F 0-2: Strikes out swinging
|
| Top of the 1st over - 1 run, 2 hits, 0 errors, 1 left on base; Rochester 1 - Fresno 0 |
| BOTTOM OF THE 1ST |
|
Fresno Grizzlies batting - Pitching for Rochester Red Wings : RHP Rafael Gonzales
|
|
Pitching: RHP Rafael Gonzales
|
|
|
Batting: RHB Ben Hoffman
|
0-0: SINGLE (Groundball, 6MD, EV 103.8 MPH)
|
|
Batting: LHB Doug Anderson
|
0-0: Ball Ben Hoffman steals 2nd base (no throw) 1-0: Called Strike Ben Hoffman steals 3rd base 1-1: Foul Ball, location: 2F 1-2: SINGLE (Groundball, 34D, EV 95.6 MPH) Ben Hoffman scores
|
|
Batting: LHB Angelo Vasquez
|
0-0: Called Strike 0-1: Ball 1-1: Ball 2-1: Called Strike 2-2: Ball 3-2: Base on Balls Doug Anderson to second
|
|
Batting: LHB Chris Cabrera
|
0-0: Ball 1-0: Ball 2-0: Ball 3-0: Fly out, F6 (Line Drive, 6, EV 75.6 MPH)
|
|
Batting: RHB Ramon Castellon
|
0-0: Ball 1-0: Foul Ball, location: 2F 1-1: SINGLE (Groundball, 34D, EV 111.9 MPH) Doug Anderson to third Angelo Vasquez to second Runner from 3rd tries for Home, SAFE, throw by RF to home
|
|
Batting: SHB Paskar Adegoke
|
0-0: Called Strike 0-1: Ball 1-1: Called Strike 1-2: Ball 2-2: Strikes out looking
|
|
Batting: RHB Raul Sanchez
|
0-0: Fly out, F3 (Popup, 23F, EV 88.1 MPH)
|
| Bottom of the 1st over - 2 runs, 3 hits, 0 errors, 2 left on base; Rochester 1 - Fresno 2 |
| TOP OF THE 2ND |
|
Rochester Red Wings batting - Pitching for Fresno Grizzlies : RHP Mike Chisolm
|
|
Batting: RHB Josh Zoglmann
|
0-0: DOUBLE (Line Drive, 78D, EV 101.9 MPH)
|
|
Batting: RHB Aaron Trotman
|
0-0: Ground out 6-3 (Groundball, P, EV 81.2 MPH) Josh Zoglmann to third
|
|
Batting: RHB Adam Noyes
|
0-0: Swinging Strike 0-1: Foul Ball, location: 2F 0-2: Ball 1-2: Strikes out swinging
|
|
Batting: RHB Bobby Blanchard
|
0-0: Called Strike 0-1: Ball 1-1: Foul Ball, location: 2F 1-2: Ball 2-2: Fly out, F7 (Flyball, 7D, EV 105.0 MPH)
|
| Top of the 2nd over - 0 runs, 1 hit, 0 errors, 1 left on base; Rochester 1 - Fresno 2 |
| BOTTOM OF THE 2ND |
|
Fresno Grizzlies batting - Pitching for Rochester Red Wings : RHP Rafael Gonzales
|
|
Batting: RHB Matt Parker
|
0-0: SINGLE (Line Drive, 4MD, EV 98.8 MPH)
|
|
Batting: RHB Edgar Trejo
|
0-0: Fly out, F8 (Flyball, 8RD, EV 107.5 MPH)
|
|
Batting: RHB Ben Hoffman
|
0-0: Ball 1-0: Foul Ball, location: 2F 1-1: Swinging Strike 1-2: Strikes out swinging
|
|
Batting: LHB Doug Anderson
|
0-0: Ball 1-0: Called Strike 1-1: Ball 2-1: Called Strike 2-2: Foul Ball, location: 2F 2-2: DOUBLE (Flyball, 78D, EV 99.4 MPH) Matt Parker to third Runner from 3rd tries for Home, SAFE, throw by CF to home
|
|
Batting: LHB Angelo Vasquez
|
0-0: Called Strike 0-1: Ball 1-1: Swinging Strike 1-2: Ball 2-2: Foul Ball, location: 2F 2-2: Ball 3-2: SINGLE (Groundball, 13, EV 81.2 MPH) (infield hit) Doug Anderson to third
|
|
Batting: LHB Chris Cabrera
|
0-0: Called Strike 0-1: Called Strike 0-2: Ball 1-2: Ground out 5-3 (Groundball, 56S, EV 65.0 MPH)
|
| Bottom of the 2nd over - 1 run, 3 hits, 0 errors, 2 left on base; Rochester 1 - Fresno 3 |
| TOP OF THE 3RD |
|
Rochester Red Wings batting - Pitching for Fresno Grizzlies : RHP Mike Chisolm
|
|
Batting: RHB Yonetoshi Muranaka
|
0-0: Ball 1-0: Called Strike 1-1: Ball 2-1: Ball 3-1: Base on Balls
|
|
Batting: RHB Tony Rivera
|
0-0: Swinging Strike 0-1: Fly out, F7 (Flyball, 7D, EV 96.2 MPH)
|
|
Batting: SHB Gerardo Flores
|
0-0: Ball 1-0: Foul Ball, location: 2F 1-1: Foul Ball, location: 2F 1-2: Strikes out swinging
|
|
Batting: RHB Jimmy Buzard
|
0-0: Foul Ball, location: 2F 0-1: Ball 1-1: Ball 2-1: Foul Ball, location: 2F 2-2: Strikes out swinging, 2-3 out at first.
|
| Top of the 3rd over - 0 runs, 0 hits, 0 errors, 1 left on base; Rochester 1 - Fresno 3 |
| BOTTOM OF THE 3RD |
|
Fresno Grizzlies batting - Pitching for Rochester Red Wings : RHP Rafael Gonzales
|
|
Batting: RHB Ramon Castellon
|
0-0: Ball 1-0: Ball 2-0: Ball 3-0: Base on Balls
|
|
Batting: SHB Paskar Adegoke
|
0-0: Called Strike 0-1: Ball 1-1: Ball 2-1: Fly out, F9 (Flyball, 9S, EV 84.4 MPH)
|
|
Batting: RHB Raul Sanchez
|
0-0: Grounds into double play, 4-6-3 (Groundball, 4, EV 85.0 MPH)
|
| Bottom of the 3rd over - 0 runs, 0 hits, 0 errors, 0 left on base; Rochester 1 - Fresno 3 |
| TOP OF THE 4TH |
|
Rochester Red Wings batting - Pitching for Fresno Grizzlies : RHP Mike Chisolm
|
|
Batting: LHB Yat-sen Zhu
|
0-0: Ball 1-0: Called Strike 1-1: Ball 2-1: Foul Ball, location: 2F 2-2: Ground out 4-3 (Groundball, 4, EV 81.9 MPH)
|
|
Batting: RHB Josh Zoglmann
|
0-0: Called Strike 0-1: Ball 1-1: Ball 2-1: Called Strike 2-2: Strikes out swinging
|
|
Batting: RHB Aaron Trotman
|
0-0: Ball 1-0: Fly out, F9 (Flyball, 89S, EV 96.9 MPH)
|
| Top of the 4th over - 0 runs, 0 hits, 0 errors, 0 left on base; Rochester 1 - Fresno 3 |
| BOTTOM OF THE 4TH |
|
Fresno Grizzlies batting - Pitching for Rochester Red Wings : RHP Rafael Gonzales
|
|
Batting: RHB Matt Parker
|
0-0: Ball 1-0: Ground out 5-3 (Groundball, 56, EV 110.0 MPH)
|
|
Batting: RHB Edgar Trejo
|
0-0: Ball 1-0: DOUBLE (Line Drive, 7LS, EV 110.6 MPH)
|
|
Batting: RHB Ben Hoffman
|
0-0: Ball 1-0: Ground out 6-3 (Groundball, 6, EV 108.1 MPH)
|
|
Batting: LHB Doug Anderson
|
0-0: Called Strike 0-1: Foul Ball, location: 2F 0-2: Ball 1-2: Ball 2-2: 2-RUN HOME RUN (Flyball, 9D, EV 95.6 MPH), Distance : 382 ft
|
|
Pitching: RHP Mike Ferry
|
|
|
Batting: LHB Angelo Vasquez
|
0-0: Called Strike 0-1: Swinging Strike 0-2: Foul Ball, location: 2F 0-2: Ball 1-2: Ball 2-2: Ground out U3 (Groundball, 3L, EV 106.9 MPH)
|
| Bottom of the 4th over - 2 runs, 2 hits, 0 errors, 0 left on base; Rochester 1 - Fresno 5 |
| TOP OF THE 5TH |
|
Rochester Red Wings batting - Pitching for Fresno Grizzlies : RHP Mike Chisolm
|
|
Batting: RHB Adam Noyes
|
0-0: Called Strike 0-1: Swinging Strike 0-2: Foul Ball, location: 2F 0-2: Hit by Pitch
|
|
Batting: RHB Bobby Blanchard
|
0-0: Fielders Choice at 2nd, 6-4 (Groundball, 56, EV 96.2 MPH)
|
|
Batting: RHB Yonetoshi Muranaka
|
0-0: Called Strike 0-1: Ball 1-1: Foul Ball, location: 2F 1-2: Ball 2-2: Strikes out swinging
|
|
Batting: RHB Tony Rivera
|
0-0: Ball 1-0: Ball 2-0: Foul Ball, location: 2F 2-1: Foul Ball, location: 2F 2-2: Foul Ball, location: 2F 2-2: Strikes out looking
|
| Top of the 5th over - 0 runs, 0 hits, 0 errors, 1 left on base; Rochester 1 - Fresno 5 |
| BOTTOM OF THE 5TH |
|
Fresno Grizzlies batting - Pitching for Rochester Red Wings : RHP Mike Ferry
|
|
Batting: LHB Chris Cabrera
|
0-0: Called Strike 0-1: SINGLE (Line Drive, 56, EV 107.5 MPH)
|
|
Batting: RHB Ramon Castellon
|
0-0: Grounds into double play, 6-4-3 (Groundball, 6, EV 80.0 MPH)
|
|
Batting: SHB Paskar Adegoke
|
0-0: Ball 1-0: Fly out, F7 (Flyball, 7S, EV 95.0 MPH)
|
| Bottom of the 5th over - 0 runs, 1 hit, 0 errors, 0 left on base; Rochester 1 - Fresno 5 |
| TOP OF THE 6TH |
|
Rochester Red Wings batting - Pitching for Fresno Grizzlies : RHP Mike Chisolm
|
|
Batting: SHB Gerardo Flores
|
0-0: Ball 1-0: Called Strike 1-1: Ball 2-1: Ball 3-1: Called Strike 3-2: Fly out, F8 (Flyball, 8LM, EV 86.2 MPH)
|
|
Batting: RHB Jimmy Buzard
|
0-0: Ball 1-0: Ball 2-0: Ball 3-0: Called Strike 3-1: Fly out, F8 (Flyball, 8LM, EV 86.9 MPH)
|
|
Batting: LHB Yat-sen Zhu
|
0-0: Called Strike 0-1: Ball 1-1: Ball 2-1: Ground out 4-3 (Groundball, 4, EV 101.2 MPH)
|
| Top of the 6th over - 0 runs, 0 hits, 0 errors, 0 left on base; Rochester 1 - Fresno 5 |
| BOTTOM OF THE 6TH |
|
Fresno Grizzlies batting - Pitching for Rochester Red Wings : RHP Mike Ferry
|
|
Batting: RHB Raul Sanchez
|
0-0: Foul Ball, location: 2F 0-1: Called Strike 0-2: Ball 1-2: Ball 2-2: Ball 3-2: SINGLE (Groundball, 34D, EV 106.2 MPH)
|
|
Batting: RHB Matt Parker
|
0-0: Called Strike 0-1: Foul Ball, location: 2F 0-2: Ball 1-2: Foul Ball, location: 2F 1-2: Foul Ball, location: 2F 1-2: Ball 2-2: Foul Ball, location: 2F 2-2: Foul Ball, location: 2F 2-2: Foul Ball, location: 2F 2-2: Ball 3-2: Ground out 5-3 (Groundball, 56S, EV 69.4 MPH) Raul Sanchez to second
|
|
Batting: RHB Edgar Trejo
|
0-0: Called Strike 0-1: SINGLE (Groundball, 5S, EV 72.5 MPH) (infield hit) Raul Sanchez to third
|
|
Batting: RHB Ben Hoffman
|
0-0: Swinging Strike 0-1: Foul Ball, location: 2F 0-2: Ball Wild Pitch! Raul Sanchez scores Edgar Trejo to second 1-2: Ball 2-2: Foul Ball, location: 2F 2-2: Foul Ball, location: 2F 2-2: Foul Ball, location: 2F 2-2: Strikes out swinging
|
|
Batting: LHB Doug Anderson
|
0-0: Ball 1-0: Called Strike 1-1: Ball 2-1: Ball 3-1: Base on Balls
|
|
Batting: LHB Angelo Vasquez
|
0-0: Foul Ball, location: 2F 0-1: Swinging Strike 0-2: Ball 1-2: Strikes out swinging
|
| Bottom of the 6th over - 1 run, 2 hits, 0 errors, 2 left on base; Rochester 1 - Fresno 6 |
| TOP OF THE 7TH |
|
Rochester Red Wings batting - Pitching for Fresno Grizzlies : RHP Mike Chisolm
|
|
Batting: RHB Josh Zoglmann
|
0-0: Ball 1-0: Called Strike 1-1: Ground out 6-3 (Groundball, 6S, EV 83.8 MPH)
|
|
Batting: RHB Aaron Trotman
|
0-0: Called Strike 0-1: SINGLE (Groundball, 56D, EV 109.4 MPH)
|
|
Batting: RHB Adam Noyes
|
0-0: Ball 1-0: Called Strike 1-1: Foul Ball, location: 2F 1-2: Strikes out swinging
|
|
Pitching: LHP Carlos Toledo
|
|
|
Batting: RHB Bobby Blanchard
|
0-0: Ball 1-0: Ball 2-0: Fly out, F8 (Flyball, 78M, EV 94.4 MPH)
|
| Top of the 7th over - 0 runs, 1 hit, 0 errors, 1 left on base; Rochester 1 - Fresno 6 |
| BOTTOM OF THE 7TH |
|
Fresno Grizzlies batting - Pitching for Rochester Red Wings : RHP Mike Ferry
|
|
Batting: LHB Chris Cabrera
|
0-0: Ball 1-0: Ball 2-0: DOUBLE (Flyball, 8LXD, EV 101.9 MPH)
|
|
Batting: RHB Ramon Castellon
|
0-0: Called Strike 0-1: Foul Ball, location: 2F 0-2: Ground out 6-3 (Groundball, 6, EV 105.6 MPH)
|
|
Batting: SHB Paskar Adegoke
|
0-0: Ground out U3 (Groundball, 3, EV 80.6 MPH) Chris Cabrera to third
|
|
Batting: RHB Raul Sanchez
|
0-0: Called Strike 0-1: Ground out 6-3 (Groundball, 6, EV 83.8 MPH)
|
| Bottom of the 7th over - 0 runs, 1 hit, 0 errors, 1 left on base; Rochester 1 - Fresno 6 |
| TOP OF THE 8TH |
|
Rochester Red Wings batting - Pitching for Fresno Grizzlies : LHP Carlos Toledo
|
|
Batting: RHB Yonetoshi Muranaka
|
0-0: Ball 1-0: Foul Ball, location: 2F 1-1: Ball 2-1: Ground out U3 (Groundball, 3S, EV 83.1 MPH)
|
|
Batting: RHB Tony Rivera
|
0-0: Ball 1-0: Foul Ball, location: 2F 1-1: Called Strike 1-2: Ball 2-2: Ground out U3 (Groundball, 3L, EV 80.6 MPH)
|
|
Batting: SHB Gerardo Flores
|
0-0: Ball 1-0: Ball 2-0: Foul Ball, location: 2F 2-1: Swinging Strike 2-2: Strikes out swinging
|
| Top of the 8th over - 0 runs, 0 hits, 0 errors, 0 left on base; Rochester 1 - Fresno 6 |
| BOTTOM OF THE 8TH |
|
Fresno Grizzlies batting - Pitching for Rochester Red Wings : RHP Mike Ferry
|
|
Batting: RHB Matt Parker
|
0-0: Ball 1-0: Ground out 6-3 (Groundball, 56, EV 81.9 MPH)
|
|
Batting: RHB Edgar Trejo
|
0-0: Ball 1-0: Fly out, F6 (Popup, 56, EV 68.1 MPH)
|
|
Batting: RHB Ben Hoffman
|
0-0: Swinging Strike 0-1: Called Strike 0-2: Foul Ball, location: 2F 0-2: Ball 1-2: Strikes out swinging
|
| Bottom of the 8th over - 0 runs, 0 hits, 0 errors, 0 left on base; Rochester 1 - Fresno 6 |
| TOP OF THE 9TH |
|
Rochester Red Wings batting - Pitching for Fresno Grizzlies : LHP Carlos Toledo
|
|
Batting: RHB Jimmy Buzard
|
0-0: Ball 1-0: Ball 2-0: Called Strike 2-1: Called Strike 2-2: Ball 3-2: Ground out 5-3 (Groundball, 56, EV 82.5 MPH)
|
|
Batting: LHB Yat-sen Zhu
|
0-0: Fly out, F8 (Flyball, 89D, EV 103.8 MPH)
|
|
Batting: RHB Josh Zoglmann
|
0-0: Foul Ball, location: 2F 0-1: Called Strike 0-2: Strikes out looking
|
| Top of the 9th over - 0 runs, 0 hits, 0 errors, 0 left on base; Rochester 1 - Fresno 6 |
|